Map: [ESL] Tropical Sacrifice

Players

Future - Winner!

  • Race: Terran Terran
  • Spawn Location: 7:00

Nina

  • Race: Protoss Protoss
  • Spawn Location: 1:00

Event: DreamHack SC2 Masters 2022 Atlanta (Online)

VOD

Have the link to the VOD?

Description

Time

  • Played on: Oct. 6, 2022, 4:15 p.m.
  • Length: 11:45

All games in this series

Show
View Real Time Build Order
Export as new Build Order

Future Terran - Winner!

Build Orders:  

Get SALT Encoding   

  12  0:00  SCV  
  13  0:12  SCV  
  14  0:17  Supply Depot  
  14  0:24  SCV  
  15  0:39  SCV  
  15  0:40  Barracks  
  16  0:46  Refinery  
  16  0:51  SCV  
  17  1:03  SCV  
  18  1:15  SCV  
  19  1:27  Marine  
  19  1:29  Orbital Command  
  20  1:51  Command Center  
  21  1:54  SCV  
  21  2:02  Factory  
  21  2:05  Barracks Reactor  
  21  2:08  SCV  
  22  2:15  Bunker  
  22  2:20  Supply Depot  
  22  2:24  SCV  
  23  2:37  Refinery  
  23  2:41  SCV  
  23  2:42  Marine x2  
  26  2:46  Factory Tech Lab  
  26  2:49  Barracks  
  26  2:54  SCV  
  27  3:04  Orbital Command  
  28  3:06  SCV  
  28  3:11  Cyclone  
  31  3:18  SCV, Marine x2  
  34  3:25  Supply Depot  
  34  3:30  SCV x2  
  36  3:35  Marine  
  36  3:36  Marine  
  38  3:42  SCV x2  
  38  3:47  Starport  
  40  3:49  Stimpack  
  40  3:54  SCV x2, Marine  
  43  3:55  Marine  
  43  3:57  Marine  
  43  4:01  Factory Reactor  
  45  4:05  Supply Depot  
  45  4:06  SCV  
  45  4:07  SCV  
  47  4:12  Marine  
  47  4:13  Marine  
  49  4:18  SCV  
  49  4:19  SCV  
  49  4:20  Marine  
  49  4:21  Supply Depot  
  52  4:28  Barracks  
  52  4:30  SCV  
  52  4:31  SCV  
  54  4:32  Marine x2  
  54  4:37  Supply Depot, Marine  
  57  4:42  Medivac  
  57  4:43  SCV x2  
  61  4:45  Medivac  
  61  4:50  Factory Tech Lab  
  61  4:52  Marine x2  
  65  4:55  Marine  
  65  4:56  SCV x2  
  68  5:02  Supply Depot  
  68  5:07  Engineering Bay, Refinery  
  68  5:08  SCV x2  
  68  5:12  Marine x2  
  68  5:14  Marauder  
  74  5:18  Supply Depot  
  74  5:22  SCV x2  
  76  5:28  Refinery, Combat Shield  
  76  5:29  Supply Depot  
  76  5:30  Factory Reactor  
  76  5:33  Concussive Shells  
  76  5:34  SCV x2  
  78  5:41  Marauder  
  78  5:42  Marauder, Terran Infantry Weapons Level 1  
  80  5:43  Marine x2  
  80  5:48  SCV  
  81  5:53  Medivac  
  82  6:01  Medivac  
  82  6:02  Supply Depot x2, Marine x2  
  86  6:04  Marauder  
  86  6:06  Marauder  
  86  6:09  Widow Mine  
  86  6:11  Widow Mine  
  94  6:20  Marine x2  
  94  6:24  Command Center  
  96  6:26  Marauder  
  96  6:28  Marauder  
  96  6:31  Medivac  
  102  6:37  Medivac  
  104  6:40  SCV x2  
  104  6:43  Supply Depot  
  104  6:44  Supply Depot  
  106  6:52  Marauder x2, Marine x2  
  112  7:01  SCV x2  
  114  7:03  Barracks x2  
  114  7:10  Marine x2  
  114  7:13  SCV x2  
  110  7:23  Marauder x2  
  110  7:28  Viking x2, Marine x2  
  100  7:31  SCV x2  
  94  7:39  Widow Mine x2  
  94  7:41  Orbital Command  
  94  7:43  SCV, Marine  
  100  7:51  Marauder, Marine x2  
  98  7:52  Barracks Reactor, Barracks Tech Lab  
  98  7:58  Medivac x2  
  96  8:01  Widow Mine x2  
  96  8:02  Marauder  
  104  8:10  Marine  
  104  8:11  Marauder, Marine  
  108  8:12  Marauder  
  108  8:14  Ghost Academy  
  108  8:23  Marauder  
  108  8:25  Refinery  
  108  8:27  Bunker  
  110  8:28  Supply Depot, Marine  
  110  8:29  Supply Depot, Marine  
  110  8:30  Marine x2  
  110  8:32  Marauder  
  120  8:34  Viking  
  120  8:35  Viking  
  120  8:36  Widow Mine  
  122  8:44  Ghost x2  
  126  8:50  Marine x4  
  126  8:53  Terran Infantry Armor Level 1, Ghost  
  132  9:00  Supply Depot  
  132  9:07  Marine  
  132  9:08  Marine x2  
  135  9:14  Marauder x2  
  135  9:18  Marine  
  135  9:22  Marauder  
  136  9:24  Viking  
  136  9:25  Viking, Marine  
  136  9:28  Supply Depot  
  135  9:35  Marauder x2  
  133  9:42  Marine x2  
  133  9:44  Marauder  
  127  9:47  Widow Mine  
  127  9:48  Widow Mine  
  130  9:52  Marine  
  130  9:54  Medivac x2, Marine  
  130  9:56  Marauder  
  130  9:57  Marauder  
  129  10:00  Marine  
  129  10:01  Marine  
  129  10:05  Marauder  
  129  10:09  Widow Mine x2  
  129  10:10  Marine  
  129  10:13  Command Center  
  134  10:15  Marine  
  134  10:18  Marauder x2  
  139  10:21  Marine  
  139  10:23  Marine  
  139  10:26  Marauder  
  137  10:28  Marine  
  137  10:33  Marine  
  134  10:37  Widow Mine  
  134  10:39  Marauder x2, Marine  
  134  10:40  Marine  
  138  10:46  Marine  
  138  10:48  Marauder  
  128  10:51  Marine  
  128  10:52  Widow Mine  
  128  10:56  Medivac x2  
  135  10:57  Marine  
  135  11:01  Marauder x2  
  135  11:02  Missile Turret, Marine  
  139  11:09  Marauder, Marine x2  
  138  11:17  Widow Mine x2  
  138  11:18  Marine  
  139  11:22  Marauder x2  
  139  11:24  Marine  
  139  11:27  Marine  
  139  11:30  Missile Turret  
  140  11:33  SCV x3  
  151  11:44  Missile Turret  
Show
View Real Time Build Order
Export as new Build Order

Nina Protoss 

Build Orders: 1 Gate Expand, Blink Stalkers, Colossus Rush 

Get SALT Encoding   

  12  0:00  Probe  
  13  0:12  Probe  
  14  0:18  Pylon  
  14  0:24  Probe  
  15  0:36  Gateway  
  15  0:37  Probe (Chrono Boost)  
  16  0:48  Probe (Chrono Boost)  
  16  0:49  Assimilator  
  17  0:53  Probe (Chrono Boost)  
  18  1:03  Probe  
  19  1:16  Probe  
  20  1:24  Cybernetics Core  
  20  1:35  Nexus  
  20  1:42  Pylon  
  20  1:46  Probe  
  21  1:55  Assimilator  
  21  1:58  Probe  
  22  2:01  Adept  
  22  2:04  Warp Gate  
  24  2:10  Probe (Chrono Boost)  
  25  2:22  Probe (Chrono Boost)  
  26  2:26  Probe (Chrono Boost)  
  26  2:27  Twilight Council  
  27  2:33  Stalker  
  29  2:40  Probe (Chrono Boost)  
  30  2:48  Probe (Chrono Boost)  
  30  2:49  Probe (Chrono Boost)  
  32  2:56  Probe (Chrono Boost)  
  32  2:58  Probe (Chrono Boost)  
  34  3:00  Blink (Chrono Boost)  
  34  3:06  Probe x2  
  34  3:11  Gateway  
  36  3:18  Probe  
  37  3:21  Probe  
  37  3:22  Robotics Facility  
  38  3:30  Probe  
  38  3:33  Probe  
  40  3:35  Gateway  
  40  3:42  Probe  
  40  3:44  Pylon  
  40  3:45  Probe  
  42  3:49  Pylon  
  42  3:53  Stalker  
  42  3:54  Probe  
  45  3:57  Probe  
  45  4:00  Assimilator  
  46  4:06  Probe, Stalker  
  46  4:09  Observer (Chrono Boost), Probe  
  51  4:17  Assimilator, Pylon  
  51  4:18  Probe, Stalker  
  51  4:21  Probe  
  55  4:25  Pylon  
  55  4:30  Probe  
  56  4:31  Robotics Bay  
  56  4:33  Probe  
  56  4:35  Stalker  
  59  4:43  Probe  
  59  4:44  Pylon  
  59  4:45  Probe, Stalker  
  63  4:50  Observer (Chrono Boost)  
  64  4:59  Nexus  
  64  5:04  Stalker  
  66  5:07  Stalker  
  68  5:15  Probe  
  68  5:16  Colossus (Chrono Boost)  
  75  5:25  Pylon  
  75  5:26  Sentry  
  75  5:31  Shield Battery  
  75  5:32  Zealot x2  
  78  5:53  Probe  
  78  5:55  Shield Battery  
  79  6:00  Colossus (Chrono Boost), Probe, Gateway  
  79  6:02  Sentry  
  79  6:03  Gateway  
  88  6:05  Probe  
  88  6:07  Shield Battery  
  89  6:12  Probe, Gateway  
  89  6:13  Probe  
  89  6:17  Zealot  
  92  6:19  Charge  
  92  6:21  Probe  
  92  6:25  Zealot  
  95  6:26  Probe  
  95  6:29  Extended Thermal Lance  
  95  6:30  Probe  
  97  6:33  Probe  
  97  6:38  Probe  
  100  6:42  Observer (Chrono Boost), Sentry  
  100  6:43  Probe  
  100  6:45  Zealot, Forge, Probe  
  106  6:51  Probe  
  105  6:54  Shield Battery, Zealot  
  105  6:55  Probe  
  105  6:59  Pylon x2  
  108  7:02  Pylon  
  108  7:03  Probe  
  109  7:14  Zealot x4  
  107  7:16  Zealot  
  103  7:25  Stalker x3  
  103  7:26  Pylon  
  106  7:32  Colossus (Chrono Boost)  
  106  7:36  Protoss Ground Weapons Level 1 (Chrono Boost)  
  106  7:39  Probe  
  106  7:42  Forge  
  106  7:43  Probe  
  104  7:52  Probe  
  104  7:53  Probe  
  106  7:59  Stalker x3  
  106  8:00  Stalker x3  
  106  8:02  Probe  
  106  8:05  Probe  
  120  8:06  Assimilator  
  120  8:07  Assimilator  
  120  8:08  Observer  
  120  8:15  Protoss Ground Armor Level 1  
  120  8:17  Probe  
  120  8:19  Pylon  
  121  8:21  Photon Cannon  
  121  8:23  Probe  
  121  8:25  Observer (Chrono Boost)  
  121  8:26  Stalker x2  
  127  8:33  Nexus  
  127  8:36  Disruptor (Chrono Boost), Pylon  
  130  8:45  Pylon  
  130  8:46  Pylon  
  130  8:51  Gateway, Pylon  
  130  8:55  Gateway  
  128  8:57  Zealot x2  
  128  9:02  Shield Battery  
  132  9:04  Disruptor (Chrono Boost)  
  135  9:10  Gateway  
  135  9:13  Zealot x3  
  135  9:16  Zealot  
  139  9:22  Shield Battery  
  139  9:24  Pylon  
  139  9:26  Photon Cannon  
  128  9:40  Zealot x3  
  128  9:45  Disruptor, Zealot x3  
  111  9:55  Stalker  
  111  9:59  Zealot  
  98  10:06  Zealot x4  
  90  10:08  Zealot x3  
  96  10:16  Zealot x2  
  100  10:28  Zealot x4  
  102  10:30  Zealot x2  
  102  10:34  Zealot x2  
  98  10:37  Zealot  
  89  10:49  Zealot x4  
  85  10:50  Zealot  
  85  10:51  Zealot  
  85  10:54  Zealot  
  88  11:02  Zealot x2  
  90  11:09  Zealot  
  90  11:10  Zealot x2  
  88  11:11  Zealot  
  88  11:14  Disruptor (Chrono Boost), Zealot  
  85  11:22  Zealot x2  
  81  11:28  Zealot x2  
  76  11:35  Zealot x2  
Tags
 
Add a new tag
Caveats
  • Supply blocks, unpowered buildings, or Contaminate may cause inaccurate times.
  • Supply counts are checked every 10 seconds.